 Dungeon Crawl Stone Soup version 0.31-a0-14-gc80a10f4b6 (webtiles) character file.

Game seed: 7918540786863435237

2172 Moonkey the Magician (level 9, -13/52 HPs)
             Began as a Deep Elf Conjurer on May 8, 2023.
             Was an Initiate of Vehumet.
             Killed from afar by an acid dragon (20 damage)
             ... with a splash of acid
             ... on level 6 of the Dungeon.
             The game lasted 00:19:40 (6654 turns).

Moonkey the Magician (Deep Elf Conjurer)            Turns: 6654, Time: 00:19:42

Health: -13/52     AC:  5    Str: 10    XL:     9   Next: 11%
Magic:  22/22      EV: 14    Int: 30    God:    Vehumet [......]
Gold:   327        SH:  0    Dex: 13    Spells: 16/23 levels left

rFire   + . .        z - +7 trident "Pecryexoick" {spect, Int+2}
rCold   + . .        (no shield)
rNeg    . . .        r - +2 robe {Will+}
rPois   .            (no helmet)
rElec   .            E - +0 cloak
rCorr   .            (no gloves)
SInv    .            (no boots)
Will    +....        w - amulet of magic regeneration
Stlth   ++++         j - +6 ring of strength
HPRegen 0.28/turn    x - ring "Huusa" {rF+ rC+ Stlth+}
MPRegen 0.58/turn

%: no passive effects
@: no status effects
A: no striking features
a: Renounce Religion


You were on level 6 of the Dungeon.
You worshipped Vehumet.
Vehumet was noncommittal.
You visited 2 branches of the dungeon, and saw 8 of its levels.
You also visited: Sewer.

You collected 327 gold pieces.

Inventory:

Hand Weapons
 z - the +7 trident "Pecryexoick" (weapon) {spect, Int+2}
   (You found it on level 5 of the Dungeon)

   Int:       It affects your intelligence (+2).
 A - the +6 quarterstaff of Infinity {vamp, Dex+2}
   (You found it on level 5 of the Dungeon)

   Dex:       It affects your dexterity (+2).
 B - the +0 dagger of Noameuro {elec, rPois Str-5 Dex+7 SInv}
   (You found it on level 5 of the Dungeon)

   Str:       It affects your strength (-5).
   Dex:       It affects your dexterity (+7).
   rPois:     It protects you from poison.
   SInv:      It lets you see invisible.
Armour
 r - a +2 robe of willpower (worn)
 E - a +0 cloak (worn)
Magical Staves
 m - a staff of air
Jewellery
 j - a +6 ring of strength (left hand)
 w - an amulet of magic regeneration (around neck)
 x - the ring "Huusa" (right hand) {rF+ rC+ Stlth+}
   (You found it on level 5 of the Dungeon)

   [ring of protection from cold]

   rF:        It protects you from fire.
   rC:        It protects you from cold.
   Stlth:     It makes you more stealthy.
 F - a ring of ice
 K - a +4 ring of slaying
Wands
 q - a wand of light (2)
 C - a wand of roots (5)
 I - a wand of flame (21)
Scrolls
 a - a scroll of fog {unknown}
 d - 2 scrolls of enchant armour {unknown}
 g - 4 scrolls of immolation {unknown}
 h - 4 scrolls of teleportation {unknown}
 i - a scroll of poison {unknown}
 n - 3 scrolls of amnesia {unknown}
 o - a scroll of magic mapping {unknown}
 s - a scroll of enchant weapon {unknown}
 t - a scroll of fear {unknown}
 u - 2 scrolls of silence {unknown}
 v - a scroll of blinking {unknown}
 y - 3 scrolls of identify {unknown}
 G - a scroll of vulnerability {unknown}
 J - a scroll of noise {unknown}
Potions
 b - a potion of magic
 c - a potion of ambrosia {unknown}
 e - 2 potions of curing {unknown}
 f - 3 potions of heal wounds {unknown}
 k - 2 potions of lignification {unknown}
 l - a potion of degeneration {unknown}
 p - a potion of might {unknown}
 D - 2 potions of haste
 H - 3 potions of attraction {unknown}


   Skills:
 * Level 4.4 Fighting
 + Level 5.1 Dodging
 + Level 5.6 Stealth
 * Level 7.8 Spellcasting
 * Level 7.4 Conjurations
 * Level 5.0 Translocations


You had 16 spell levels left.
You knew the following spells:

 Your Spells              Type           Power      Damage    Failure   Level
a - Magic Dart            Conj           100%       1d8       1%          1
b - Searing Ray           Conj           100%       2d8       1%          2
c - Iskenderun's Mystic   Conj/Tloc      49%        2d11      3%          4

Your spell library contained the following spells:

 Spells                   Type           Power      Damage    Failure   Level
 Dazzling Flash           Conj/Hex       68%        N/A       2%          3
 Portal Projectile        Hex/Tloc       52%        N/A       4%          3
 Sublimation of Blood     Necr           11%        N/A       7%          2
 Fulminant Prism          Conj/Hex       17%        3d11      10%         4
 Call Canine Familiar     Summ           11%        N/A       13%         3
 Irradiate                Conj/Tmut      17%        3d17      26%         5
 Leda's Liquefaction      Hex/Erth       5%         N/A       41%         4
 Petrify                  Tmut/Erth      11%        N/A       41%         4


Dungeon Overview and Level Annotations

Branches:
Dungeon (7/15)             Temple (1/1) D:6           Sewer (visited)

Altars:
Ashenzari
Cheibriados
Dithmenos
Elyvilon
Fedhas
Gozag
Hepliaklqana
Makhleb
Nemelex Xobeh
Okawaru
Qazlal
Sif Muna
Uskayaw
Vehumet
Wu Jian
Xom
Yredelemnul
Zin
The Shining One


Message History

There is a stone staircase leading up here.
You start waiting.
Done waiting.
An orc warrior comes into view. It is wielding a +0 scimitar.
Casting: Magic Dart (safe; 1% risk of failure)
Confirm with . or Enter, or press ? or * to list all spells.
Aiming: Magic Dart (safe; 1% risk of failure)
Press: ? - help, Shift-Dir - straight line, f - orc warrior
Aim: an orc warrior, wielding a +0 scimitar and wearing a +0 plate armour (asleep, 100% to hit)
The magic dart hits the orc warrior.
The orc warrior is lightly wounded.
The orc warrior shouts!
You hear a shout!
An orc wizard comes into view. It is wielding a +0 dagger.
The orc warrior unwields a +0 scimitar.
The orc warrior wields a +0 arbalest.
The orc warrior shoots a bolt.
The bolt barely misses you.
The orc warrior shoots a bolt.
The bolt hits you!
There is a stone staircase leading up here.
Casting: Magic Dart (safe; 1% risk of failure)
Confirm with . or Enter, or press ? or * to list all spells.
Aiming: Magic Dart (safe; 1% risk of failure)
Press: ? - help, Shift-Dir - straight line, f/p - orc warrior
Aim: an orc warrior, wielding a +0 arbalest and wearing a +0 plate armour (lightly wounded, 100% to hit)
The magic dart hits the orc warrior but does no damage.
The orc warrior is lightly wounded.
The orc warrior shoots a bolt.
The bolt hits you!
Casting: Magic Dart (safe; 1% risk of failure)
Confirm with . or Enter, or press ? or * to list all spells.
Aiming: Magic Dart (safe; 1% risk of failure)
Press: ? - help, Shift-Dir - straight line, f/p - orc warrior
Aim: an orc warrior, wielding a +0 arbalest and wearing a +0 plate armour (lightly wounded, 100% to hit)
The magic dart hits the orc warrior.
The orc warrior is lightly wounded.
The orc warrior shoots a bolt.
The bolt hits you!
The orc warrior shoots a bolt.
The bolt hits you!
* * * LOW HITPOINT WARNING * * *
You climb upwards.
The acid dragon roars!
The acid dragon spits acid at you. The splash of acid hits you!!
You die...

#......# ###.#########.#
#..###.###...# #.# #..###.[...###
#.# ##..###......# #.#
##..##..##...## #.# ##
##...[[.###....# #.# # .#
#...<..## #....# #.# ##
.#####.####.#######.########.###.
...............D@........^.......
.###.#.########..........###.....
.##....# #..........# #.....
.##...## #..........# #.....
##...### #####..........# #.....
.......####..............# #.....
.#...#......###..........########
.~~~~~....### #..........#...#
~~~~~~~#..# ##########.#...#


You could see an acid dragon (catching breath).

Vanquished Creatures
  5 yaks (D:6)
  A steam dragon (D:7)
  A sky beast (D:7)
  An ice beast (D:5)
  Pargi (Sewer)
  A centaur (D:5)
  A bullfrog (D:6)
  2 scorpions (D:6)
  2 howler monkeys (D:6)
  A jelly (D:5)
  2 orc priests
  A gnoll bouda (D:5)
  10 hounds
  Jessica (D:3)
  A sleepcap (D:4)
  2 orc wizards
  7 adders
  3 white imps
  3 ufetubi
  A dart slug (D:3)
  16 orcs
  3 ball pythons
  6 endoplasms
  A giant cockroach (D:6)
  4 goblins
  8 hobgoblins
  2 jackals (D:1)
  4 quokkas
  8 bats
  3 frilled lizards
  2 kobolds
  8 rats
112 creatures vanquished.

Notes
Turn   | Place    | Note
-------+----------+-------------------------------------------
     0 | D:1      | Moonkey the Deep Elf Conjurer began the quest for the Orb.
     0 | D:1      | Reached XP level 1. HP: 10/10 MP: 6/6
   240 | D:1      | Reached XP level 2. HP: 16/16 MP: 5/8
   955 | D:2      | Learned a level 2 spell: Searing Ray
   984 | D:2      | Found a faded altar of an unknown god.
  1519 | D:2      | Reached skill level 1 in Fighting
  1553 | D:2      | Reached XP level 3. HP: 20/20 MP: 4/9
  1793 | D:3      | Noticed Jessica
  1796 | D:3      | Killed Jessica
  2430 | D:3      | Reached XP level 4. HP: 25/25 MP: 9/11
  2435 | D:3      | Learned a level 4 spell: Iskenderun's Mystic Blast
  3042 | D:4      | Reached skill level 5 in Conjurations
  3250 | D:4      | Reached XP level 5. HP: 30/30 MP: 10/13
  3281 | D:4      | Found a glowing golden altar of the Shining One.
  3297 | D:4      | Found a burning altar of Makhleb.
  3303 | D:4      | Reached skill level 1 in Translocations
  3595 | D:5      | Entered Level 5 of the Dungeon
  3616 | D:5      | Found an ornate altar of the Wu Jian Council.
  3688 | D:5      | Identified the ring "Huusa" {rF+ rC+ Stlth+}
  3728 | D:5      | Reached XP level 6. HP: 35/35 MP: 11/15
  3868 | D:5      | Found a hide-covered altar of Uskayaw.
  3868 | D:5      | Found a broken altar of Ashenzari.
  3965 | D:5      | Identified the +7 trident "Pecryexoick" {spect, Int+2}
  3972 | D:5      | Identified the +6 quarterstaff of Infinity {vamp, Dex+2}
  4075 | D:5      | Reached skill level 5 in Spellcasting
  4176 | D:5      | Noticed an ice beast
  4200 | D:5      | Killed an ice beast
  4401 | D:5      | Reached XP level 7. HP: 40/40 MP: 13/17
  4518 | D:5      | Found a snail-covered altar of Cheibriados.
  4634 | D:5      | Found a shimmering altar of Xom.
  4708 | D:5      | Found a blossoming altar of Fedhas.
  4730 | D:5      | Identified the +0 dagger of Noameuro {elec, rPois Str-5
                  | Dex+7 SInv}
  5346 | D:6      | Noticed a yak
  5346 | D:6      | Noticed a yak
  5357 | D:6      | Noticed a yak
  5357 | D:6      | Noticed a yak
  5376 | D:6      | Killed a yak
  5377 | D:6      | Reached XP level 8. HP: 39/46 MP: 10/19
  5434 | D:6      | Reached skill level 5 in Stealth
  5460 | D:6      | Found a glowing drain.
  5467 | Sewer    | Entered a sewer
  5492 | Sewer    | Noticed Pargi
  5498 | Sewer    | Killed Pargi
  5840 | D:7      | Reached skill level 5 in Dodging
  5914 | D:6      | Reached XP level 9. HP: 52/52 MP: 19/22
  5931 | D:6      | Found a staircase to the Ecumenical Temple.
  5941 | Temple   | Entered the Ecumenical Temple
  6101 | Temple   | Became a worshipper of Vehumet
  6503 | D:7      | Reached skill level 5 in Translocations
  6654 | D:6      | Killed from afar by an acid dragon

Illustrated notes

Levels and vault maps discovered:
D:1:      psy_arrival_whirlpool, layout_loops_ring
D:2:      layout_basic, chequers_ecumenical_altar_island, fountainhead,
          uniq_crazy_yiuf_cottage
D:3:      layout_basic, nicolae_eternal_life, minmay_misc_feat_secret_circle,
          uniq_jessica
D:4:      layout_cave_pools, makhleb_blood_cavern_becter,
          mainiacjoe_overflow_cross_hatched
D:5:      layout_layer_cave, tgw_xom, mainiacjoe_overflow_six_doors_small,
          mainiacjoe_overflow_big_doors, nicolae_overflow_two_pavilions
D:6:      layout_rooms, minmay_temple_entry_crystal_x,
          cheibrodos_sewer_entry_drain
D:7:      layout_cave_pools
Temple:   nicolae_temple_bog_church

Skill      XL: |  1  2  3  4  5  6  7  8  9 |
---------------+----------------------------+-----
Fighting       | 1 2 3 4 |  4.4
Stealth        | 3 4 5 |  5.6
Spellcasting   | 4 5 6 7 |  7.8
Dodging        | 3 4 5 |  5.1
Conjurations   | 5 6 7 |  7.4
Translocations | 1 2 3 4 5 |  5.0

Action                     |  1- 3 |  4- 6 |  7- 9 || total
---------------------------+-------+-------+-------++-------
   Cast: Magic Dart        |    68 |   102 |    89 ||   259
         Searing Ray       |       |     5 |    25 ||    30
         Iskenderun's Myst |       |       |     2 ||     2
 Armour: Robe              |     1 |     7 |     7 ||    15
  Dodge: Dodged            |     4 |    16 |    28 ||    48

Table legend: (Time is in decaauts)
 A = Elapsed time spent in this place.
 B = Non-inter-level travel time spent in this place.
 C = Inter-level travel time spent in this place.
 D = Time resting spent in this place.
 E = Time spent auto-exploring this place.
 F = Levels seen in this place.
 G = Mean time per level.
                   A        B        C        D        E       F      G
               +--------+--------+--------+--------+--------+-----+--------+
         Total |   6665 |   6395 |    270 |    999 |   4548 |   9 |  740.6 |
       Dungeon |   6409 |   6176 |    233 |    997 |   4387 |   7 |  915.6 |
        Temple |    180 |    143 |     37 |      0 |    132 |   1 |  180.0 |
         Sewer |     74 |     74 |      0 |      2 |     29 |   1 |   74.0 |
               +--------+--------+--------+--------+--------+-----+--------+

Top non-repeatable levels by time:
     D:5: 1650 daAuts
     D:3: 1174 daAuts
     D:1: 944 daAuts
     D:2: 767 daAuts
     D:4: 710 daAuts
     D:6: 679 daAuts
     D:7: 483 daAuts
  Temple: 180 daAuts
   Sewer: 74 daAuts
